 Dungeon Crawl Stone Soup version 0.31-a0-691-g409c26aa35 (webtiles) character file.

Game seed: 1792638644306321289

6802 cforsyth the Fighter (level 11, -4/89 HPs)
             Began as a Djinni Chaos Knight on Sept 6, 2023.
             Was a Plaything of Xom.
             Slain by an ice devil (18 damage)
             ... summoned by a kobold demonologist
             ... on level 10 of the Dungeon.
             The game lasted 00:14:03 (10562 turns).

cforsyth the Fighter (Djinni Chaos Knight)         Turns: 10562, Time: 00:14:04

Health: -4/89      AC: 12    Str: 10    XL:     11   Next: 25%
Gold:   667        EV: 12    Int: 18    God:    Xom [.*....] SH:  0 Dex: 16

rFire   + + +        q - +7 staff of the Meek {protect, meekguard}
rCold   x x .        (shield currently unavailable)
rNeg    . . .        b - +2 leather armour
rPois   ∞            C - +0 helmet
rElec   .            m - +0 cloak
rCorr   .            w - +0 pair of gloves
SInv    .            (boots unavailable)
Will    +....        E - amulet of the acrobat
Stlth   +            B - ring of wizardry
HPRegen 0.34/turn    (no ring)
MPRegen 0.00/turn

%: acrobat, clarity, wizardry (x1), infuse magic (-5 HP)
@: flying
A: sickness immunity, fire resistance 3, cold vulnerability 2, float, innate
caster, HP casting, extra vitality 1, iridescent scales 2, agile 1, clarity,
deterioration 1
a: Renounce Religion


You were on level 10 of the Dungeon.
You worshipped Xom.
You were a plaything of Xom.
You visited 1 branch of the dungeon, and saw 10 of its levels.

You collected 667 gold pieces.

Inventory:

Hand Weapons
 a - a +0 falchion of chaos
 q - the +7 staff of the Meek (weapon) {protect, meekguard}
   (You found it on level 3 of the Dungeon)
Missiles
 F - 2 throwing nets
Armour
 b - a +2 leather armour (worn)
 e - a +0 helmet
 m - a +0 cloak (worn)
 w - a +0 pair of gloves (worn)
 x - the +0 helmet "Datrysmiur" {-Cast rElec Str-5 Dex+6}
   (You found it on level 4 of the Dungeon)

   Str-5:     It affects your strength (-5).
   Dex+6:     It affects your dexterity (+6).
   rElec:     It insulates you from electricity.
   -Cast:     It prevents spellcasting.
 C - a +0 helmet (worn)
 M - a +0 buckler
Jewellery
 B - a ring of wizardry (left hand)
 E - an amulet of the acrobat (around neck)
 K - a ring of see invisible
Wands
 c - a wand of charming (4)
 t - a wand of digging (6)
 y - a wand of mindburst (11)
 D - a wand of flame (35)
 N - a wand of acid (2)
Scrolls
 d - 2 scrolls of enchant armour {unknown}
 h - 3 scrolls of teleportation {unknown}
 j - a scroll of poison {unknown}
 k - 11 scrolls of identify {unknown}
 l - a scroll of vulnerability {unknown}
 n - 5 scrolls of noise {unknown}
 r - 2 scrolls of fog {unknown}
 u - 2 scrolls of enchant weapon {unknown}
 A - 2 scrolls of revelation {unknown}
 G - 2 scrolls of amnesia {unknown}
 O - 3 scrolls of immolation {unknown}
Potions
 f - 4 potions of enlightenment {unknown}
 g - 5 potions of curing {unknown}
 i - 3 potions of might {unknown}
 o - 2 potions of resistance {unknown}
 p - 2 potions of magic {unknown}
 s - 2 potions of brilliance {unknown}
 v - 2 potions of heal wounds {unknown}
 z - a potion of berserk rage {unknown}
 H - a potion of haste {unknown}
 I - a potion of cancellation {unknown}
 J - a potion of lignification {unknown}
 L - a potion of invisibility {unknown}


   Skills:
 + Level 12.1 Fighting
 - Level 2.6 Long Blades
 - Level 1.0 Armour
 - Level 2.1 Dodging
 + Level 8.7 Spellcasting
 + Level 8.7 Conjurations
 + Level 8.7 Hexes
   Level 0.0 Charms
 + Level 8.7 Summonings
 + Level 8.7 Necromancy
 + Level 8.7 Translocations
 + Level 8.7 Transmutations
 + Level 8.7 Fire Magic
 + Level 8.7 Ice Magic
 + Level 8.7 Air Magic
 + Level 8.7 Earth Magic
 + Level 8.7 Poison Magic


You knew the following spells:

 Your Spells              Type           Power      Damage    Failure   Level
a - Kiss of Death         Conj/Necr      100%       2d13      1%          1
b - Lesser Beckoning      Tloc           78%        N/A       1%          2
c - Confusing Touch       Hex            39%        N/A       1%          3
d - Vampiric Draining     Necr           39%        2d8       1%          3
e - Anguish               Hex/Necr       19%        N/A       1%          4
Your spell library was empty.

Dungeon Overview and Level Annotations

Branches:
Dungeon (10/15)            Temple (0/1) D:4
   Lair: D:8-11         Orc: D:9-12

Altars:
Elyvilon
Ru
Uskayaw
Xom
Zin

Shops:
D:9 =

Annotations:
D:1 1 transporter
D:7 3 runed translucent doors, jlumianski's ghost, novice DsFi


Innate Abilities, Weirdness & Mutations

You are immune to sickness and miasma.
You are immune to poison.
Your flesh is almost immune to the effects of heat. (rF+++)
You are very vulnerable to cold. (rC--)
You float through the air rather than walking.
You learn spells naturally, not from books.
Your magical power is your life essence.
You have superior vitality. (+4 MHP)
You are mostly covered in iridescent scales. (AC +4)
You are agile. (Dex +4, Str/Int -1)
You possess an exceptional clarity of mind.
Your body sometimes deteriorates upon taking damage.


Message History

You feel life coursing into your body.
The kobold demonologist gestures wildly while chanting.
Casting: Vampiric Draining (safe; 1% risk of failure)
Confirm with . or Enter, or press ? or * to list all spells.
Aiming: Vampiric Draining (safe; 1% risk of failure)
Press: ? - help, Shift-Dir - straight line, f - kobold demonologist
Aim: a kobold demonologist, wielding a +0 dagger and wearing a +0 robe (anguished)
You draw life force from the kobold demonologist!
You feel life coursing into your body.
The kobold demonologist barely misses you.
The ice devil hits you. The ice devil freezes you!!
You feel a terrible chill!
Xom roars with laughter!
A shower of butterflies erupts from you!
Casting: Vampiric Draining (safe; 1% risk of failure)
Confirm with . or Enter, or press ? or * to list all spells.
Aiming: Vampiric Draining (safe; 1% risk of failure)
Press: ? - help, Shift-Dir - straight line, f/p - kobold demonologist
Aim: a kobold demonologist, wielding a +0 dagger and wearing a +0 robe (moderately wounded, anguished)
You draw life force from the kobold demonologist.
You feel life coursing into your body.
The kobold demonologist gestures wildly while chanting.
Send 'em back where they came from!
Your butterfly shudders. x2
The ice devil hits you. The ice devil freezes you!!
You feel a terrible chill!
* * * LOW HITPOINT WARNING * * *
Casting: Vampiric Draining (safe; 1% risk of failure)
Confirm with . or Enter, or press ? or * to list all spells.
Aiming: Vampiric Draining (safe; 1% risk of failure)
Press: ? - help, Shift-Dir - straight line, f/p - kobold demonologist
Aim: a kobold demonologist, wielding a +0 dagger and wearing a +0 robe (heavily wounded, anguished)
You draw life force from the kobold demonologist!
You feel life coursing into your body.
* * * LOW HITPOINT WARNING * * *
A kobold brigand comes into view.
It is wielding a +0 short sword and quivering poisoned darts.
The kobold demonologist hits you but does no damage.
The ice devil hits you!
* * * LOW HITPOINT WARNING * * *
The ice devil freezes you!!
You feel a terrible chill!
You die...
Xom chortles!

##..##.##..#.#.# ##.###..
##.#......#.#.# ##...##.# ##
#....##.##.#.###........ #.#
+ #....##.##....##........
#..#
.###..#..##.####..##.[......
..###.....##..##.#
#..###...##.# ..........
...##.# #..####.#####
##...........###4####.......#
##..########.KKK@b..b.......#
.....#### #K################
........#### ##..........
..........# ###..##.#.#
##...#.#.# #........#######.
#................


You could see an ice devil (summoned, ally target), a kobold demonologist
(anguished) and 3 kobold brigands.

Vanquished Creatures
  A boulder beetle (D:9)
  Erica (D:8)
  A kobold demonologist (D:10)
  An efreet (D:10)
  A hornet (D:9)
  A wyvern (D:7)
  A wraith (D:10)
  2 steam dragons
  2 water moccasins
  A sky beast (D:7)
  3 ogres
  2 centaurs
  5 kobold brigands
  5 bullfrogs
  A gnoll sergeant (D:7)
  4 scorpions
  14 killer bees
  3 howler monkeys
  A jelly (D:4)
  An orc priest (D:3)
  4 hounds
  A sleepcap (D:6)
  5 iguanas
  9 orc wizards
  4 gnolls
  11 adders
  3 white imps
  2 ufetubi
  2 worms
  2 dart slugs (D:4)
  31 orcs
  7 ball pythons
  10 endoplasms
  2 giant cockroaches
  4 goblins
  8 hobgoblins
  14 jackals
  44 kobolds
  2 quokkas
  7 bats
  4 frilled lizards
  4 rats
231 creatures vanquished.

Vanquished Creatures (collateral kills)
  Grinder (D:5)
  Sigmund (D:5)
  2 ogres (D:6)
  A scorpion (D:5)
  A hound (D:6)
  An orc priest (D:3)
  An iguana (D:5)
  An orc wizard (D:5)
  A gnoll (D:2)
  3 orcs
13 creatures vanquished.

Vanquished Creatures (others)
  A komodo dragon (D:10)
  A wyvern (D:9)
  A gnoll (D:2)
  2 kobolds (D:10)
5 creatures vanquished.

Grand Total: 249 creatures vanquished

Notes
Turn   | Place    | Note
-------+----------+-------------------------------------------
     0 | D:1      | cforsyth the Djinni Chaos Knight began the quest for the
                  | Orb.
     0 | D:1      | Reached XP level 1. HP: 20/20 MP: 0/0
    38 | D:1      | XOM: potion effect (haste)
    96 | D:1      | XOM: potion effect (berserk rage)
   101 | D:1      | Reached XP level 2. HP: 25/25 MP: 0/0
   233 | D:1      | Reached skill level 1 in Spellcasting
   233 | D:1      | Reached skill level 1 in Conjurations
   233 | D:1      | Reached skill level 1 in Hexes
   233 | D:1      | Reached skill level 1 in Summonings
   233 | D:1      | Reached skill level 1 in Necromancy
   233 | D:1      | Reached skill level 1 in Translocations
   233 | D:1      | Reached skill level 1 in Transmutations
   233 | D:1      | Reached skill level 1 in Fire Magic
   233 | D:1      | Reached skill level 1 in Ice Magic
   233 | D:1      | Reached skill level 1 in Air Magic
   233 | D:1      | Reached skill level 1 in Earth Magic
   233 | D:1      | Reached skill level 1 in Poison Magic
   300 | D:1      | XOM: silly message
   440 | D:1      | Reached XP level 3. HP: 30/30 MP: 0/0
   440 | D:1      | Learned a level 1 spell: Kiss of Death
   770 | D:1      | XOM: noise
   926 | D:2      | XOM: silly message
   947 | D:2      | XOM: enchant monster (good)
   986 | D:2      | XOM: summons friendly crimson imp
  1009 | D:2      | Reached XP level 4. HP: 9/37 MP: 0/0
  1144 | D:2      | Reached skill level 4 in Fighting
  1238 | D:2      | XOM: 1-stop teleportation journey
  1359 | D:2      | XOM: silly message
  1368 | D:2      | XOM: blink monster(s)
  1379 | D:2      | XOM: noise
  1548 | D:2      | XOM: summons 3 hostile demons
  1940 | D:2      | XOM: summons 2 hostile shadow creatures
  1974 | D:2      | XOM: summons 3 hostile demons
  2117 | D:3      | Reached XP level 5. HP: 41/41 MP: 0/0
  2117 | D:3      | Learned a level 2 spell: Lesser Beckoning
  2134 | D:3      | Found the +7 staff of the Meek {protect, meekguard}
  2134 | D:3      | XOM: butterfly on damage
  2269 | D:3      | Reached XP level 6. HP: 48/49 MP: 0/0
  2386 | D:3      | Reached skill level 5 in Fighting
  2560 | D:3      | Found a hide-covered altar of Uskayaw.
  2560 | D:3      | Found a glowing silver altar of Zin.
  2716 | D:4      | XOM: stealth player
  2832 | D:4      | Noticed a water moccasin
  2835 | D:4      | XOM: silly message
  2846 | D:4      | Killed a water moccasin
  2847 | D:4      | Reached XP level 7. HP: 34/55 MP: 0/0
  2847 | D:4      | Learned a level 3 spell: Confusing Touch
  2949 | D:4      | Reached skill level 6 in Fighting
  2977 | D:4      | Found a white marble altar of Elyvilon.
  2983 | D:4      | XOM: god gift: scroll labelled FEIQOQUCVOU {god gift}
  3006 | D:4      | Identified the +0 helmet "Datrysmiur" {-Cast rElec Str-5
                  | Dex+6}
  3138 | D:4      | XOM: scenery: create altars
  3396 | D:4      | XOM: chaos upgrade
  3410 | D:4      | Reached XP level 8. HP: 47/62 MP: 0/0
  3551 | D:4      | XOM: give mutation
  3551 | D:4      | Gained mutation: You expend health (3 HP) to strengthen
                  | your wands. [Xom's grace]
  3725 | D:4      | Found a staircase to the Ecumenical Temple.
  3895 | D:5      | Entered Level 5 of the Dungeon
  3907 | D:5      | XOM: summons friendly sun demon
  3914 | D:5      | Reached skill level 7 in Fighting
  3987 | D:5      | Noticed Grinder
  3993 | D:5      | Killed Grinder
  4023 | D:5      | XOM: scenery: 1 doors open
  4061 | D:5      | XOM: god gift: 3 scrolls labelled DUIT UHESYFF {god gift}
  4083 | D:5      | Noticed Sigmund
  4088 | D:5      | Reached skill level 5 in Spellcasting
  4088 | D:5      | Reached skill level 5 in Conjurations
  4088 | D:5      | Reached skill level 5 in Hexes
  4088 | D:5      | Reached skill level 5 in Summonings
  4088 | D:5      | Reached skill level 5 in Necromancy
  4088 | D:5      | Reached skill level 5 in Translocations
  4088 | D:5      | Reached skill level 5 in Transmutations
  4088 | D:5      | Reached skill level 5 in Fire Magic
  4088 | D:5      | Reached skill level 5 in Ice Magic
  4088 | D:5      | Reached skill level 5 in Air Magic
  4088 | D:5      | Reached skill level 5 in Earth Magic
  4088 | D:5      | Reached skill level 5 in Poison Magic
  4092 | D:5      | Killed Sigmund
  4093 | D:5      | Reached skill level 8 in Fighting
  4093 | D:5      | Reached XP level 9. HP: 51/70 MP: 0/0
  4093 | D:5      | Learned a level 3 spell: Vampiric Draining
  4219 | D:5      | XOM: destruction
  4878 | D:5      | XOM: draining
  4924 | D:5      | XOM: god gift: book of Conjurations
  5006 | D:6      | XOM: enchant monster (good)
  5182 | D:6      | XOM: summons 2 friendly demons
  5368 | D:6      | XOM: give mutations
  5368 | D:6      | Gained mutation: You are partially covered in iridescent
                  | scales. (AC +2) [Xom's grace]
  5368 | D:6      | Gained mutation: You are agile. (Dex +4, Str/Int -1) [Xom's
                  | grace]
  5368 | D:6      | Gained mutation: Your skin changes colour to match your
                  | surroundings (Stealth+). [Xom's grace]
  5440 | D:6      | XOM: 3-stop teleportation journey
  5621 | D:6      | Reached skill level 9 in Fighting
  5621 | D:6      | XOM: god gift: 2 javelins
  5809 | D:7      | XOM: confusion (+ monsters)
  6044 | D:7      | XOM: smoke on damage
  6138 | D:7      | Found a runed translucent gate.
  6139 | D:7      | Found a runed translucent gate.
  6140 | D:7      | Found a runed translucent gate.
  6140 | D:7      | Noticed jlumianski's ghost (novice DsFi)
  6217 | D:7      | XOM: cleaving
  6252 | D:7      | XOM: divination: magic mapping
  6260 | D:7      | XOM: cloud trail
  6331 | D:7      | XOM: enchant monster (good)
  6462 | D:7      | XOM: silly message
  6496 | D:7      | Reached XP level 10. HP: 79/79 MP: 0/0
  6512 | D:7      | Found the +11 Singing Sword {sonic wave}
  6690 | D:7      | Reached skill level 10 in Fighting
  6773 | D:7      | XOM: silly message
  7596 | D:7      | XOM: give mutations
  7596 | D:7      | Gained mutation: You are very vulnerable to cold. (rC--)
                  | [Xom's mischief]
  7596 | D:7      | Lost mutation: Your skin changes colour to match your
                  | surroundings (Stealth+). [Xom's mischief]
  7973 | D:8      | Noticed Erica
  7986 | D:8      | Killed Erica
  8547 | D:9      | Found Bofru's Jewellery Boutique.
  8573 | D:9      | Reached skill level 11 in Fighting
  8682 | D:9      | Noticed a boulder beetle
  8687 | D:9      | XOM: draining
  8688 | D:9      | XOM: fog
  8700 | D:9      | XOM: butterfly on damage
  8705 | D:9      | Killed a boulder beetle
  8742 | D:9      | XOM: summons 6 hostile demons
  8856 | D:9      | XOM: give mutations
  8856 | D:9      | Gained mutation: Your flesh is almost immune to the effects
                  | of heat. (rF+++) [Xom's mischief]
  8856 | D:9      | Gained mutation: You are mostly covered in iridescent
                  | scales. (AC +4) [Xom's mischief]
  8928 | D:9      | XOM: 2-stop teleportation journey
  8936 | D:9      | Reached XP level 11. HP: 56/87 MP: 0/0
  8936 | D:9      | Learned a level 4 spell: Anguish
  8986 | D:9      | Found a sacrificial altar of Ru.
  8986 | D:9      | XOM: 1-stop teleportation journey
  9140 | D:9      | XOM: give mutations
  9140 | D:9      | Gained mutation: Your body sometimes deteriorates upon
                  | taking damage. [Xom's mischief]
  9140 | D:9      | Gained mutation: You possess an exceptional clarity of
                  | mind. [Xom's mischief]
  9140 | D:9      | Lost mutation: You expend health (3 HP) to strengthen your
                  | wands. [Xom's mischief]
  9637 | D:10     | Entered Level 10 of the Dungeon
  9775 | D:10     | XOM: summons friendly crimson imp
  9827 | D:10     | XOM: 1-stop teleportation journey
 10435 | D:10     | Reached skill level 12 in Fighting
 10463 | D:10     | XOM: 1-stop teleportation journey
 10560 | D:10     | XOM: butterfly on damage
 10562 | D:10     | Slain by an ice devil

Illustrated notes

Levels and vault maps discovered:
D:1:      spicycebolla_arrival_risky_transporter, layout_loops_ring,
          hangedman_feature_mirror
D:2:      layout_basic, chequers_big_river, minmay_fountain_box, corexii_shack
D:3:      layout_loops_ring, nicolae_overflow_hidden_temple,
          pf_guarded_unrand_meek
D:4:      kennysheep_kobold_camp, layout_basic,
          mainiacjoe_overflow_large_starburst, temple_hall
D:5:      layout_basic, chequers_garden, nicolae_titane, uniq_grinder,
          uniq_sigmund
D:6:      layout_basic
D:7:      old_forge, layout_layer_cave, gammafunk_ghost_necromancy,
          grunt_ogre_cave
D:8:      layout_basic, uniq_erica
D:9:      layout_loops_ring, nicolae_overflow_crystal_walls, serial_shops, shop
D:10:     layout_loops_ring, nemelex_spade_bored_becter

Skill      XL: |  1  2  3  4  5  6  7  8  9 10 11 |
---------------+----------------------------------+-----
Spellcasting   | 1 2 3 4 5 6 8 |  8.7
Conjurations   | 1 2 3 4 5 6 8 |  8.7
Hexes          | 1 2 3 4 5 6 8 |  8.7
Summonings     | 1 2 3 4 5 6 8 |  8.7
Necromancy     | 1 2 3 4 5 6 8 |  8.7
Translocations | 1 2 3 4 5 6 8 |  8.7
Transmutations | 1 2 3 4 5 6 8 |  8.7
Fire Magic     | 1 2 3 4 5 6 8 |  8.7
Ice Magic      | 1 2 3 4 5 6 8 |  8.7
Air Magic      | 1 2 3 4 5 6 8 |  8.7
Earth Magic    | 1 2 3 4 5 6 8 |  8.7
Poison Magic   | 1 2 3 4 5 6 8 |  8.7
Fighting       | 4 5 6 8 9 11 12 | 12.1
Long Blades    | |  2.6
Armour         | |  1.0
Dodging        | |  2.1

Action                     |  1- 3 |  4- 6 |  7- 9 | 10-12 || total
---------------------------+-------+-------+-------+-------++-------
  Melee: Falchion          |   101 |   143 |       |       ||   244
         Punch             |       |     1 |       |       ||     1
         Quarterstaff      |       |    64 |   267 |    40 ||   371
   Cast: Vampiric Draining |       |       |    39 |   123 ||   162
         Confusing Touch   |       |       |     1 |     4 ||     5
         Lesser Beckoning  |       |       |     1 |       ||     1
         Anguish           |       |       |       |     8 ||     8
  Evoke: Wand              |       |       |       |     1 ||     1
    Use: Scroll            |       |       |       |     1 ||     1
   Stab: Petrified         |     3 |       |       |       ||     3
         Sleeping          |       |       |     2 |       ||     2
         Confused          |       |       |     1 |     1 ||     2
 Armour: Leather armour    |    68 |   289 |   295 |   146 ||   798
  Dodge: Dodged            |    65 |   249 |   228 |   123 ||   665

Table legend: (Time is in decaauts)
 A = Elapsed time spent in this place.
 B = Non-inter-level travel time spent in this place.
 C = Inter-level travel time spent in this place.
 D = Time resting spent in this place.
 E = Time spent auto-exploring this place.
 F = Levels seen in this place.
 G = Mean time per level.
                   A        B        C        D        E       F      G
               +--------+--------+--------+--------+--------+-----+--------+
         Total |  10725 |  10253 |    472 |    629 |   7753 |  10 | 1072.5 |
       Dungeon |  10725 |  10253 |    472 |    629 |   7753 |  10 | 1072.5 |
               +--------+--------+--------+--------+--------+-----+--------+

Top non-repeatable levels by time:
     D:7: 1934 daAuts
     D:9: 1438 daAuts
     D:4: 1224 daAuts
     D:2: 1149 daAuts
     D:5: 1103 daAuts
     D:1: 941 daAuts
     D:6: 923 daAuts
     D:8: 807 daAuts
     D:3: 667 daAuts
    D:10: 535 daAuts
